AoeStats
← sir8Lampard

Arena

509333904Analyzed
3v3 RM · 7d ago on Sep 26, 2026· 58m 31s· 6 players
Game mode
Random Map
Map size
Normal (6 player)
Population
200
Speed
Normal
Resources
Standard
Victory
Conquest
Starting age
Dark Age
Ending age
Imperial Age
RankedLock teamsTeams togetherTeam positionsShared explorationLock speedFull tech treeHidden civsTurbo modeCheats
Victory
Defeat
🇧🇪 Celts · Belgium
657
+10
🇩🇪 Saxons · Germany
627
+12
🇮🇳 Koreans · India
568
+12
🇺🇸 Armenians · United States
529
-12
🇬🇧 Magyars · United Kingdom
512
-11
🇧🇪 Franks · Belgium
490
-10
PersianStallion
9:52 Feudal Age
10:26 Double-Bit Axe
13:42 Horse Collar
20:29 Castle Age
19:51 Stone Mining
19:52 Gold Mining
22:39 Wheelbarrow
28:42 Hand Cart
29:44 Caravan
32:59 Heavy Plow
33:12 Bow Saw
35:59 Imperial Age
36:12 Gold Shaft Mining
37:16 Corvinian Army
38:53 Hoardings
41:12 Elite Skirmisher
48:55 Heavy Scorpion
53:26 Padded Archer Armor
53:17 Fletching
53:28 Scale Mail Armor
53:33 Scale Barding Armor
54:05 Arson
53:41 Pikeman
dozy
11:17 Feudal Age
9:34 Loom
12:27 Double-Bit Axe
22:21 Town Watch
25:44 Castle Age
27:36 Town Patrol
39:04 Stone Mining
44:51 Husbandry
45:21 Bow Saw
50:33 Imperial Age
49:48 Gold Mining
51:19 Cavalier
52:43 Gold Shaft Mining
53:39 Paladin
Draducken
0:28 Loom
10:59 Feudal Age
11:36 Double-Bit Axe
17:17 Castle Age
16:00 Gold Mining
16:15 Horse Collar
17:25 Stone Mining
18:22 Bow Saw
20:15 Wheelbarrow
20:31 Town Watch
21:07 Fervor
23:59 Sanctity
23:31 Man-at-Arms
24:12 Squires
24:45 Arson
26:59 Long Swordsman
27:25 Gambesons
30:00 Gold Shaft Mining
30:59 Pikeman
34:24 Two-Handed Swordsman
34:25 Halberdier
38:13 Hand Cart
37:59 Town Patrol
41:59 Heavy Plow
41:56 Murder Holes
42:22 Ballistics
42:15 Fletching
42:36 Forging
42:27 Scale Mail Armor
41:52 Champion
44:39 Fortified Wall
44:10 Treadmill Crane
44:31 Bodkin Arrow
48:58 Imperial Age
49:45 Herbal Medicine
50:11 Heresy
49:52 Devotion
50:03 Redemption
49:54 Atonement
51:33 Chemistry
50:25 Guard Tower
51:15 Theocracy
50:36 Capped Ram
52:05 Guilds
52:44 Conscription
52:42 Elite Composite Bowman
54:47 Fereters
sir8Lampard
0:35 Loom
12:14 Feudal Age
14:22 Wheelbarrow
14:34 Double-Bit Axe
18:48 Horse Collar
20:20 Stone Mining
24:39 Castle Age
27:27 Pikeman
29:36 Bow Saw
29:29 Heavy Plow
36:15 Hand Cart
42:07 Imperial Age
41:39 Gold Mining
42:24 Stone Shaft Mining
42:08 Elite Woad Raider
43:09 Conscription
44:06 Heavy Scorpion
45:41 Murder Holes
46:47 Chemistry
48:38 Ballistics
48:44 Onager
48:52 Capped Ram
50:12 Furor Celtica
51:21 Guilds
51:41 Coinage
51:12 Caravan
52:01 Forging
51:52 Scale Mail Armor
52:47 Siege Engineers
52:47 Siege Ram
58:42 Gold Shaft Mining
57:54 Halberdier
joerg_horstmann
12:28 Feudal Age
13:15 Horse Collar
15:02 Double-Bit Axe
16:47 Loom
17:47 Wheelbarrow
23:22 Castle Age
22:39 Arson
22:17 Man-at-Arms
26:51 Scale Mail Armor
27:05 Forging
27:59 Thumb Ring
29:01 Crossbowman
30:55 Chain Mail Armor
31:53 Fletching
32:05 Padded Archer Armor
32:46 Gambesons
33:02 Squires
33:11 Gold Mining
34:47 Heavy Plow
36:41 Bow Saw
38:51 Iron Casting
38:33 Leather Archer Armor
38:14 Bodkin Arrow
39:09 Gold Shaft Mining
40:34 Redemption
42:23 Clerical Recruitment
46:14 Imperial Age
47:00 Shield Wall
47:12 Elite Varangian Guard
52:36 Masonry
52:24 Murder Holes
55:26 Elite Hearth Troop
58:39 Plate Mail Armor
58:39 Ring Archer Armor
bmo
10:13 Feudal Age
10:42 Double-Bit Axe
11:55 Horse Collar
23:01 Castle Age
23:56 Thumb Ring
23:47 Crossbowman
29:19 Gold Mining
34:12 Bow Saw
36:34 Scale Mail Armor
40:59 Elite Skirmisher
54:21 Arson
57:34 Gold Shaft Mining
Connection lost

Rejoining the realm…

Still unreachable

The connection could not be restored.

Session expired

The server has moved on; the page needs a fresh start.